Map: [ESL] Post-Youth

Players

Cyan - Winner!

  • Race: Protoss Protoss
  • Spawn Location: 1:00

Silky

  • Race: Zerg Zerg
  • Spawn Location: 7:00

Event: ESL SC2 Masters 2024 Spring (Regional)

VOD

Have the link to the VOD?

Description

Time

  • Played on: April 10, 2024, 8:48 a.m.
  • Length: 9:08

All games in this series

Show
View Real Time Build Order
Export as new Build Order

Cyan Protoss - Winner!

Build Orders: 1 Gate Expand 

Get SALT Encoding   

  12  0:00  Probe  
  13  0:12  Probe  
  14  0:18  Pylon  
  14  0:24  Probe (Chrono Boost)  
  15  0:36  Probe (Chrono Boost)  
  15  0:37  Gateway  
  16  0:45  Probe (Chrono Boost)  
  16  0:47  Assimilator  
  17  0:51  Probe  
  18  1:03  Probe  
  19  1:15  Probe  
  20  1:25  Nexus  
  20  1:33  Cybernetics Core  
  20  1:36  Probe  
  21  1:42  Assimilator  
  21  1:48  Probe  
  21  1:52  Pylon  
  22  2:00  Probe (Chrono Boost)  
  23  2:07  Adept (Chrono Boost)  
  23  2:10  Warp Gate  
  23  2:12  Probe (Chrono Boost)  
  26  2:17  Probe (Chrono Boost)  
  26  2:21  Twilight Council  
  27  2:27  Probe  
  28  2:32  Stalker  
  30  2:37  Probe  
  30  2:39  Probe  
  32  2:49  Probe  
  32  2:51  Probe  
  34  2:53  Gateway  
  34  2:54  Resonating Glaives (Chrono Boost)  
  34  2:58  Gateway  
  34  3:03  Probe  
  34  3:04  Probe  
  36  3:08  Adept  
  38  3:15  Probe  
  38  3:19  Probe  
  40  3:28  Probe  
  40  3:29  Pylon  
  41  3:37  Probe, Nexus  
  42  3:42  Probe  
  42  3:44  Pylon  
  42  3:47  Forge  
  43  3:51  Probe  
  44  3:57  Adept x3  
  44  4:02  Probe  
  51  4:05  Probe  
  51  4:08  Pylon  
  52  4:14  Gateway  
  52  4:15  Protoss Ground Weapons Level 1 (Chrono Boost)  
  52  4:20  Charge (Chrono Boost)  
  52  4:22  Adept x3  
  58  4:29  Probe  
  59  4:35  Gateway  
  59  4:38  Gateway  
  59  4:43  Gateway  
  59  4:50  Probe, Gateway  
  59  4:51  Probe  
  61  4:54  Shield Battery  
  61  4:55  Probe  
  62  5:00  Zealot  
  62  5:02  Zealot  
  62  5:04  Zealot  
  66  5:11  Zealot  
  66  5:12  Probe  
  69  5:17  Probe  
  69  5:18  Pylon, Probe  
  69  5:24  Zealot x2  
  69  5:26  Probe  
  69  5:27  Zealot  
  66  5:29  Probe  
  66  5:34  Shield Battery  
  66  5:35  Zealot x3  
  67  5:38  Pylon  
  67  5:39  Adept  
  73  5:44  Adept x2  
  73  5:45  Adept  
  73  5:47  Zealot  
  81  5:59  Zealot x2  
  81  6:02  Zealot x2  
  87  6:08  Protoss Ground Weapons Level 2 (Chrono Boost)  
  87  6:10  Zealot x4  
  71  6:20  Stalker  
  71  6:21  Zealot  
  71  6:22  Zealot x2, Probe  
  71  6:23  Probe  
  73  6:33  Zealot x4  
  73  6:35  Probe  
  82  6:43  Probe  
  82  6:44  Probe  
  76  6:48  Adept  
  76  6:49  Adept x2  
  82  6:56  Zealot x2  
  82  6:59  Zealot, Nexus  
  82  7:00  Pylon  
  88  7:02  Zealot  
  90  7:08  Robotics Facility  
  90  7:14  Zealot x4  
  94  7:28  Zealot x2  
  94  7:29  Zealot x2  
  76  7:41  Zealot x4  
  76  7:43  Probe  
  73  7:49  Adept x2  
  75  7:53  Zealot x2  
  75  7:56  Immortal (Chrono Boost)  
  83  8:07  Zealot x5  
  91  8:19  Photon Cannon  
  91  8:20  Photon Cannon  
  91  8:23  Shield Battery  
  91  8:24  Shield Battery  
  91  8:25  Immortal (Chrono Boost)  
  81  8:27  Pylon  
  81  8:28  Zealot x5  
  81  8:30  Sentry  
  81  8:31  Sentry  
  93  8:42  Zealot  
  93  8:47  Shield Battery  
  95  8:48  Photon Cannon  
  93  9:03  Zealot x6  
Show
View Real Time Build Order
Export as new Build Order

Silky Zerg 

Build Orders: Hatch First 

Get SALT Encoding   

  12  0:00  Drone  
  13  0:10  Drone  
  13  0:14  Extractor  
  13  0:15  Drone  
  15  0:38  Hatchery  
  14  0:43  Drone, Extractor  
  14  0:49  Overlord  
  15  1:08  Spawning Pool, Drone  
  15  1:11  Drone  
  15  1:16  Drone  
  17  1:28  Drone  
  17  1:29  Extractor  
  17  1:31  Drone  
  18  1:40  Drone  
  19  1:52  Drone x2  
  21  1:54  Queen x2  
  21  2:00  Drone  
  26  2:03  Overlord  
  26  2:12  Drone x2  
  28  2:24  Zergling x2  
  28  2:25  Drone  
  30  2:31  Hatchery  
  30  2:35  Metabolic Boost  
  29  2:38  Drone  
  30  2:44  Queen  
  30  2:48  Zergling x2  
  33  2:51  Overlord  
  33  2:55  Zergling x2  
  33  2:57  Zergling x2  
  35  2:58  Zergling x2  
  36  3:11  Drone  
  36  3:12  Drone  
  38  3:13  Drone x2  
  38  3:15  Zergling x2  
  38  3:16  Queen  
  43  3:27  Drone  
  44  3:29  Overlord  
  44  3:30  Overlord  
  44  3:38  Overlord, Roach Warren  
  43  3:43  Overlord  
  43  3:49  Drone  
  43  3:50  Drone  
  43  3:51  Drone  
  43  3:55  Queen  
  47  4:05  Drone x3  
  47  4:07  Zergling x8  
  52  4:18  Roach x4  
  52  4:23  Zergling x2  
  58  4:31  Zergling x12  
  62  4:38  Roach x2  
  66  4:41  Extractor  
  66  4:45  Roach x2  
  69  4:50  Roach  
  69  4:51  Overlord  
  71  5:03  Overlord  
  71  5:06  Roach  
  73  5:07  Overlord  
  73  5:08  Overlord  
  73  5:18  Zergling x12  
  72  5:30  Zergling x6  
  75  5:36  Zergling x2  
  75  5:37  Zergling x6, Ravager x2  
  75  5:38  Ravager  
  82  5:43  Zergling x8  
  86  5:50  Roach x2  
  86  5:51  Zergling x2  
  88  6:08  Roach x3  
  80  6:16  Zergling x12  
  71  6:25  Zergling x2  
  71  6:26  Zergling x12  
  71  6:29  Ravager  
  73  6:39  Roach  
  69  6:40  Roach x6  
  62  6:47  Drone x2  
  64  6:55  Roach x2  
  64  7:01  Roach x2  
  72  7:06  Roach  
  74  7:10  Roach  
  75  7:24  Roach x4  
  75  7:28  Roach  
  75  7:32  Roach  
  75  7:33  Zergling x4  
  63  7:40  Roach  
  63  7:41  Zergling x2  
  56  7:45  Zergling x4  
  58  7:52  Zergling x4  
  58  7:55  Zergling x2  
  61  8:03  Roach x2  
  65  8:08  Zergling x4  
  64  8:17  Zergling x6  
  59  8:29  Zergling x12  
  59  8:33  Zergling x4  
  67  8:35  Zergling x2  
  66  8:43  Zergling x6  
  66  8:47  Zergling x4  
Tags
 
Add a new tag
Caveats
  • Supply blocks, unpowered buildings, or Contaminate may cause inaccurate times.
  • Supply counts are checked every 10 seconds.